[Event "Late-Titled-Tuesday-Blitz-February-06-2024"]
[Site "Chess.com"]
[Date "2024.02.06"]
[Round "2"]
[White "EcosseKillie"]
[Black "WindWhistler11"]
[Result "0-1"]
[WhiteElo "2251"]
[BlackElo "2511"]
[TimeControl "180+1"]
[EndTime "14:17:54 PST"]
[Termination "WindWhistler11 won on time"]

1. d4 e6 2. e4 d5 3. e5 c5 4. Nf3 Nc6 5. Bd3 Bd7 6. O-O Nge7 7.
Bf4 cxd4 8. Nbd2 Ng6 9. Bg3 Be7 10. Nb3 f5 11. exf6 Bxf6 12. Bxg6+ hxg6 13. Nbxd4 O-O 14. Nxc6 bxc6 15. Ne5 Be8 16. c3 Qb6 17. Rb1 c5 18.
Qc2 g5 19. Rfe1 Rd8 20. Rbd1 Bh5 21. f3 d4 22. c4 a5 23. h3 Rfe8 24. Kh1 a4 25.
Rd2 a3 26. b3 Qb4 27. Nc6 Qb6 28. Nxd8 Qxd8 29. Be5 Be7 30. Qe4 Kf7 31. g4 Bg6 32. Qe2 Rh8 33. Kg2 d3 34. Qe3 Re8 35. f4 gxf4 36. Rf1 Kg8 37. Rxf4 Bg5 38. Kg3 Bh4+ 39. Kg2 Bg5 40. Kg3 Bxf4+ 41. Qxf4 Rf8 42. Qg5 Qxg5 0-1

[Event "Late-Titled-Tuesday-Blitz-February-06-2024"]
[Site "Chess.com"]
[Date "2024.02.06"]
[Round "2"]
[White "sergiochess83"]
[Black "HajiyevKanan"]
[Result "1-0"]
[WhiteElo "2914"]
[BlackElo "2602"]
[TimeControl "180+1"]
[EndTime "14:17:55 PST"]
[Termination "sergiochess83 won by resignation"]

1. c4 Nf6 2. Nc3 c6 3. d4 d5 4. e3 a6 5. Nf3 Bf5 6. Bd3 Bxd3 7. Qxd3 e6 8. O-O Bb4 9. Bd2 Qe7 10. a3 Bxc3 11.
Bxc3 O-O 12. Bb4 Qd8 13. Bxf8 Qxf8 14. Ne5 Nbd7 15. Nxd7 Nxd7 16. e4 dxe4 17. Qxe4 Qd6 18. Rad1 Rd8 19. h3 g6 20. Rfe1 Kg7 21. Qf3 Nf6 22.
Qc3 Kg8 23. a4 Qf4 24. a5 h5 25. Qe3 Qc7 26. Qe5 Qe7 27. d5 cxd5 28. cxd5 Rd6 29.
dxe6 Rxe6 30. Qb8+ Kg7 31. Rxe6 Qxe6 32. Qxb7 Qe2 33.
Rf1 Ne4 34. Qb6 Nd2 35. Rc1 Ne4 36. Qd4+ Kh7 37. Rc8 f6 38. Rc7+ Kh6 39. Qe3+ Qxe3 40.
fxe3 1-0

[Event "Late-Titled-Tuesday-Blitz-February-06-2024"]
[Site "Chess.com"]
[Date "2024.02.06"]
[Round "2"]
[White "Nick12772"]
[Black "gmjoey1"]
[Result "0-1"]
[WhiteElo "2381"]
[BlackElo "2679"]
[TimeControl "180+1"]
[EndTime "14:17:55 PST"]
[Termination "gmjoey1 won by resignation"]

1. Nf3 Nf6 2. g3 b6 3. Bg2 Bb7 4. O-O g6 5. c4 Bg7 6. Nc3 c5 7. d3 O-O 8. Rb1 d5 9. cxd5 Nxd5 10. Nxd5 Bxd5 11. b3 e5 12. Bb2 Re8 13. Qd2 Nc6 14. Qg5 f6 15. Qh4 a5 16. Bc1 g5 17. Nxg5 fxg5 18. Bxd5+ Qxd5 19. Bxg5 Nd4 20. Qg4 Qe6 21. Qe4 Qg6 22. Qxg6 Nxe2+ 23. Kg2 hxg6 24.
Rfe1 Nd4 25. Be3 Kf7 26. Bxd4 exd4 27. h4 Rxe1 28. Rxe1 Bf6 29. Kf3 a4 30. bxa4 Rxa4 31. Rb1 Bd8 32. Rb2 Ke6 33. Ke4 Ra7 34. g4 Re7 35. h5 g5 36. Kf3 Rf7+ 37. Kg2 Bc7 38.
a4 Kd7 39. Re2 Bf4 40. Rb2 Kc6 41. Re2 c4 42. Rc2 c3 43. Kf3 Kd5 44. Ke2 Ra7 45. Ra2 b5 46. a5 b4 47. a6 b3 48.
Ra5+ Kc6 49. Kd1 c2+ 0-1

[Event "Late-Titled-Tuesday-Blitz-February-06-2024"]
[Site "Chess.com"]
[Date "2024.02.06"]
[Round "2"]
[White "GeorgiosSouleidis"]
[Black "JonasGallasch"]
[Result "0-1"]
[WhiteElo "2694"]
[BlackElo "2383"]
[TimeControl "180+1"]
[EndTime "14:17:56 PST"]
[Termination "JonasGallasch won by resignation"]

1. e4 c6 2. Nc3 d5 3. Nf3 dxe4 4. Nxe4 Nf6 5. Qe2 Nxe4 6. Qxe4 Be6 7. Be2 Nd7 8. b3 Nf6 9. Qe5 Bd5 10. Bb2 e6 11.
O-O-O h6 12. c4 Be4 13. d3 Bd6 14. Qc3 Bh7 15. Rhe1 a5 16. a3 O-O 17. c5 Be7 18. Nd2 Qd5 19. Ne4 Bxe4 20. dxe4 Qxc5 21. Qxc5 Bxc5 22.
f3 Rfd8 23. Kc2 Ne8 24. a4 Nc7 25. f4 Bb4 26. Rf1 f6 27. g4 Be7 28. h4 Rxd1 29. Rxd1 Rd8 30. Rg1 Bc5 31. Rf1 Kh8 32. Bc3 b6 33. g5 Bd4 34. Bd2 f5 35. gxh6 gxh6 36. exf5 exf5 37. Bd3 Nd5 38. Bxf5 Be3 39. Be1 Bxf4 40. Be4 Ne3+ 0-1

[Event "Late-Titled-Tuesday-Blitz-February-06-2024"]
[Site "Chess.com"]
[Date "2024.02.06"]
[Round "2"]
[White "Flawless_Fighter"]
[Black "Schattman"]
[Result "1-0"]
[WhiteElo "2714"]
[BlackElo "2391"]
[TimeControl "180+1"]
[EndTime "14:17:56 PST"]
[Termination "Flawless_Fighter won on time"]

1. e4 c5 2. Nf3 d6 3. Bb5+ Nd7 4. O-O a6 5. Bxd7+ Bxd7 6. c4 Nf6 7. Nc3 e5 8. d3 h6 9. a3 b5 10. b4 cxb4 11.
axb4 bxc4 12. dxc4 Qc7 13. Qd3 Be7 14. h3 O-O 15. Be3 Rfc8 16. Nd2 Be6 17. Nd5 Nxd5 18. cxd5 Bd7 19. Rfc1 Qxc1+ 20. Rxc1 Rxc1+ 21. Kh2 Bb5 22. Qa3 Rac8 23. Nf3 R1c3 24. Qb2 Rc2 25. Qb1 Bd3 26.
Ne1 Bxe4 27. Nxc2 Bxc2 28. Qf1 Ra8 29. Qc4 Ba4 30. Qc7 Re8 31. Bb6 Bb5 32. Qb7 g6 33. Bc7 h5 34. Qb6 e4 35. Bxd6 Bxd6+ 36. Qxd6 e3 37.
fxe3 Rxe3 38. g4 Rd3 39. gxh5 Rd2+ 40. Kg3 gxh5 41. Qd8+ Kh7 42. Qg5 Rd3+ 43. Kh4 Bc4 44. Qxh5+ Kg7 45. Qg4+ Kh6 46. Qxc4 Rd4+ 47. Qxd4 1-0

[Event "Late-Titled-Tuesday-Blitz-February-06-2024"]
[Site "Chess.com"]
[Date "2024.02.06"]
[Round "2"]
[White "delqate"]
[Black "NFChess13"]
[Result "0-1"]
[WhiteElo "2360"]
[BlackElo "2639"]
[TimeControl "180+1"]
[EndTime "14:17:58 PST"]
[Termination "NFChess13 won by resignation"]

1. e4 e5 2. Nf3 Nf6 3. Nxe5 d5 4. d4 Nxe4 5. Bd3 Nd7 6. Bf4 Bd6 7. O-O O-O 8. Nd2 Ndf6 9. h3 c5 10. c4 Nxd2 11.
Qxd2 cxd4 12. Rac1 Be6 13. c5 Bc7 14. f3 Re8 15.
Rfe1 b6 16. c6 Bd6 17. Bh2 Qc7 18. Qf2 Bc8 19. Qxd4 Bc5 20. Rxc5 bxc5 21. Qxc5 Qb6 22. Rc1 Be6 23. b4 Rec8 24. b5 Ne8 25. a4 Qa5 26.
Qd4 Nd6 27. Ng4 Nc4 28. Ne3 Qxa4 29. Nxd5 Bxd5 30. Qxd5 Nb6 31. Qf5 g6 32. Qf6 Nd5 33. Qg5 Qd4+ 34. Kh1 Qxd3 35. Be5 Qe3 36. f4 Qxc1+ 37.
Kh2 f6 38. Bxf6 Qxf4+ 0-1

[Event "Late-Titled-Tuesday-Blitz-February-06-2024"]
[Site "Chess.com"]
[Date "2024.02.06"]
[Round "2"]
[White "ArtemDyachuk"]
[Black "SpeedofLight0"]
[Result "0-1"]
[WhiteElo "2644"]
[BlackElo "3036"]
[TimeControl "180+1"]
[EndTime "14:17:59 PST"]
[Termination "SpeedofLight0 won by resignation"]

1. Nf3 d5 2. e3 Nf6 3. b3 Bf5 4.
Bb2 e6 5. Be2 Be7 6. Nh4 O-O 7.
Nxf5 exf5 8. O-O Nbd7 9. c4 c6 10. Nc3 dxc4 11. bxc4 Bd6 12. Qc2 g6 13. h3 Re8 14.
Rfd1 Qc7 15. Bf3 Rad8 16. Rac1 Ne5 17. Be2 Ned7 18. d3 h5 19. Bf3 Nf8 20. Ne2 N8h7 21. g3 Be5 22. Rb1 b6 23. d4 Bd6 24. c5 bxc5 25. dxc5 Be7 26. Nd4 Nd5 27. Bxd5 Rxd5 28. Nb3 Red8 29. Rxd5 Rxd5 30. Rd1 Qd7 31. Bd4 h4 32. gxh4 Bxh4 33. Rb1 Bf6 34. Kg2 f4 35. Qe4 Ng5 36. Qxf4 Qxh3+ 37. Kg1 Nf3+ 38. Qxf3 Qxf3 39.
Nd2 Qg4+ 40. Kf1 Bxd4 41. exd4 Rxd4 42. f3 Qh3+ 43. Kf2 Qh2+ 44. Kf1 Rxd2 45. Rb8+ Kg7 46.
Rh8 0-1

[Event "Late-Titled-Tuesday-Blitz-February-06-2024"]
[Site "Chess.com"]
[Date "2024.02.06"]
[Round "2"]
[White "Eeleyah"]
[Black "Seochesspie"]
[Result "0-1"]
[WhiteElo "2397"]
[BlackElo "2789"]
[TimeControl "180+1"]
[EndTime "14:17:59 PST"]
[Termination "Seochesspie won on time"]

1. d4 g6 2. c4 Bg7 3. g3 h5 4.
h3 c5 5. d5 d6 6. Bg2 a6 7. a4 Nf6 8. Nf3 e5 9. dxe6 Bxe6 10.
Qc2 Nc6 11. Bd2 O-O 12. O-O Bf5 13. Qc1 Ne4 14. Bh6 Re8 15. Bxg7 Kxg7 16. Nc3 Qf6 17. e3 Nxc3 18. Qxc3 Qxc3 19. bxc3 Na5 20. Nd2 Rab8 21. Rfd1 Bc2 22. Rdc1 Bd3 23. Bd5 Bf5 24.
e4 Bxh3 25. Rab1 Be6 26. Rb6 Bxd5 27. cxd5 Red8 28. Rcb1 Kf6 29. f4 Ke7 30. c4 f6 31.
Kf2 Kd7 32. Kf3 Kc7 33. e5 fxe5 34. fxe5 dxe5 35. Rxg6 Rf8+ 36. Ke3 Rg8 37. Rbb6 Nc6 38. Rgxc6+ bxc6 39.
Rxc6+ Kd8 40. Rxc5 Rxg3+ 41. Kf2 Rd3 42. Ne4 Rb2+ 43.
Ke1 Ra3 0-1

[Event "Late-Titled-Tuesday-Blitz-February-06-2024"]
[Site "Chess.com"]
[Date "2024.02.06"]
[Round "2"]
[White "Reality-Stone"]
[Black "ChristopherYoo"]
[Result "0-1"]
[WhiteElo "2624"]
[BlackElo "3014"]
[TimeControl "180+1"]
[EndTime "14:18:01 PST"]
[Termination "ChristopherYoo won by checkmate"]

1. Nf3 Nf6 2. g3 b5 3. Bg2 Bb7 4. O-O e6 5. a4 b4 6. c4 c5 7. b3 Be7 8. Bb2 O-O 9. d4 cxd4 10. Nbd2 Na6 11. Nxd4 Bxg2 12. Kxg2 Nc5 13. f3 Qc8 14. e4 Nd3 15. Qb1 Nxb2 16. Qxb2 d6 17. Rad1 Nd7 18. Rfe1 Bf6 19. Nf1 Nc5 20. Ne3 h5 21. Qc2 Rd8 22. h3 h4 23. Ng4 Bxd4 24. Rxd4 e5 25. Rd5 hxg3 26. Red1 Qc7 27. Qd2 Nxb3 28. Qg5 Nc5 29. Nf6+ Kf8 30. Nh7+ Ke8 31. Qxg7 Ne6 32. Qh8+ Kd7 33.
Qxe5 Kc8 34. Rxd6 Rxd6 35. Rxd6 b3 36. Ng5 Qc5 37. Rxe6 Qf2+ 38. Kh1 Qh2# 0-1

[Event "Late-Titled-Tuesday-Blitz-February-06-2024"]
[Site "Chess.com"]
[Date "2024.02.06"]
[Round "2"]
[White "Semetey"]
[Black "Resignify"]
[Result "1-0"]
[WhiteElo "2603"]
[BlackElo "2343"]
[TimeControl "180+1"]
[EndTime "14:18:01 PST"]
[Termination "Semetey won by resignation"]

1. e4 d6 2. d4 Nf6 3. Nc3 g6 4.
Nf3 Bg7 5. Be3 O-O 6. Be2 Nc6 7. O-O e5 8. d5 Ne7 9. Nd2 Ne8 10. f3 f5 11. b4 Nf6 12. a4 f4 13. Bf2 g5 14. h3 h5 15. Nb5 a6 16. Na7 Bd7 17. b5 Qb8 18. Nc6 bxc6 19. bxc6 Be8 20. Nc4 g4 21. Rb1 Qc8 22. Rb7 gxh3 23. Nxd6 cxd6 24.
Rxe7 Rf7 25. Rxf7 Bxf7 26. c4 Kh7 27. c5 hxg2 28. Kxg2 Qc7 29. Qc2 Rg8 30. Kh2 Bg6 31. cxd6 Qxd6 32. Qc5 Qb8 33. Bxa6 Ng4+ 34. fxg4 hxg4 35.
c7 g3+ 36. Bxg3 fxg3+ 37. Kxg3 Qb3+ 38. Rf3 Qd1 39. c8=Q Qe1+ 40. Qf2 Qxf2+ 41. Kxf2 Rxc8 42. Bxc8 Bxe4 43. Bf5+ Bxf5 44. Rxf5 e4 45. Ke3 Kg6 46. Kxe4 Bf6 47. Rxf6+ 1-0

[Event "Late-Titled-Tuesday-Blitz-February-06-2024"]
[Site "Chess.com"]
[Date "2024.02.06"]
[Round "2"]
[White "giovannibrandao7"]
[Black "marianokar"]
[Result "1-0"]
[WhiteElo "2214"]
[BlackElo "2447"]
[TimeControl "180+1"]
[EndTime "14:18:01 PST"]
[Termination "giovannibrandao7 won on time"]

1. e4 Nf6 2. e5 Nd5 3. d4 d6 4. Nf3 c6 5. c4 Nc7 6. Nc3 Bg4 7. exd6 exd6 8. h3 Bh5 9. Be2 Be7 10. O-O O-O 11.
Bf4 Nd7 12. d5 Nb6 13. dxc6 bxc6 14. Rc1 Ne6 15. Bg3 d5 16. cxd5 cxd5 17. Nd4 Bxe2 18. Ndxe2 Bf6 19. b3 Rc8 20. Nb5 Qd7 21. Nd6 Rc6 22.
Rxc6 Qxc6 23. Qc1 Qxc1 24. Nxc1 d4 25. Rd1 Nd5 26. Ne4 Nc3 27. Nxf6+ gxf6 28. Rd2 Rc8 29. f3 Ne4 30. fxe4 Rxc1+ 31. Kf2 a6 32. Ke2 1-0

[Event "Late-Titled-Tuesday-Blitz-February-06-2024"]
[Site "Chess.com"]
[Date "2024.02.06"]
[Round "2"]
[White "YouShallNotPass001"]
[Black "Zallio"]
[Result "1/2-1/2"]
[WhiteElo "2445"]
[BlackElo "2126"]
[TimeControl "180+1"]
[EndTime "14:18:01 PST"]
[Termination "Game drawn by repetition"]

1. Nf3 d5 2. e3 Nf6 3. c4 c6 4. Be2 e6 5. O-O Be7 6. b3 O-O 7. Bb2 Nbd7 8. cxd5 exd5 9. d3 Bd6 10. Nbd2 Ng4 11. a3 Qc7 12. h3 Nh2 13. Nxh2 Bxh2+ 14. Kh1 Be5 15. Bxe5 Nxe5 16. d4 Ng6 17. b4 a5 18. Rc1 axb4 19. axb4 Ra2 20. b5 Bd7 21. Rc2 Rfa8 22. Nb3 Qc8 23. Kh2 Nh4 24. bxc6 bxc6 25. Nc5 Bf5 26. Rxa2 Rxa2 27. Bd3 Bg6 28. Bxg6 hxg6 29. Qb3 Qa8 30. Kg1 Ra1 31. Qb2 Ra2 32. Qb7 Qe8 33. Qb3 Qa8 34. Qb7 Qe8 35. Rb1 Kh7 36. Qc7 Qa8 37. Qxf7 Ra1 38. Rxa1 Qxa1+ 39. Kh2 Qf1 40. Kg3 Nf5+ 41. Kh2 Nh4 42. Kg3 Nf5+ 43.
Kh2 Nh4 1/2-1/2

[Event "Late-Titled-Tuesday-Blitz-February-06-2024"]
[Site "Chess.com"]
[Date "2024.02.06"]
[Round "2"]
[White "AldokhinIvan"]
[Black "Marcan2b"]
[Result "0-1"]
[WhiteElo "2622"]
[BlackElo "3005"]
[TimeControl "180+1"]
[EndTime "14:18:02 PST"]
[Termination "Marcan2b won by checkmate"]

1. e4 c6 2. Nc3 d5 3. d4 dxe4 4. Nxe4 Nf6 5. Nxf6+ exf6 6. c3 Bd6 7. Bd3 O-O 8. Ne2 Re8 9. Qc2 g6 10. O-O Nd7 11.
Ng3 f5 12. Bd2 Nf6 13. Rae1 Be6 14. Bg5 Be7 15. Bxf6 Bxf6 16. Ne2 Qd6 17. Qd2 b5 18. a3 Kg7 19. Nf4 Bd7 20. g3 a5 21. Rxe8 Rxe8 22.
Re1 Rxe1+ 23. Qxe1 c5 24. Qe2 cxd4 25. Bxb5 Bxb5 26.
Qxb5 dxc3 27. bxc3 Qxa3 28. Qd7 Qe7 29. Qc6 Qe1+ 30.
Kg2 Qxc3 31. Qd7 Qc4 32. Nd5 a4 33. Nxf6 Kxf6 34. Qd6+ Kg7 35. Qe5+ f6 36. Qe7+ Qf7 37. Qa3 Qb7+ 38. Kh3 Qa7 39. Kg2 g5 40. h4 Qb7+ 41.
Kh2 gxh4 42. gxh4 Qb8+ 43. Kg2 Qa8+ 44. Kh2 Qa7 45. Kg2 h5 46. Qg3+ Kh7 47. Qf3 Qg7+ 48. Kf1 Qg4 49. Qa8 Qxh4 50. Qf8 Qh1+ 51. Ke2 Qe4+ 52. Kf1 Qc4+ 53. Kg1 Qg4+ 54. Kf1 Qg7 55. Qe8 Kh6 56. Qxa4 Qg4 57. Qe8 Kg5 58. Qg8+ Kh4 59. Qd8 Qh3+ 60. Ke2 Qg4+ 61. Kf1 Kh3 62. Qxf6 Qd1# 0-1

[Event "Late-Titled-Tuesday-Blitz-February-06-2024"]
[Site "Chess.com"]
[Date "2024.02.06"]
[Round "2"]
[White "ImportedItalianMaple"]
[Black "norwaytoadog"]
[Result "1-0"]
[WhiteElo "2512"]
[BlackElo "2252"]
[TimeControl "180+1"]
[EndTime "14:18:03 PST"]
[Termination "ImportedItalianMaple won on time"]

1. Nf3 Nf6 2. g3 e6 3. Bg2 d5 4.
O-O Be7 5. c4 c6 6. b3 Nbd7 7.
Bb2 b6 8. d4 O-O 9. Nc3 a5 10.
Qd3 Ba6 11. e4 dxc4 12. bxc4 e5 13. dxe5 Ng4 14. Ne2 Nc5 15. Qc2 Qd3 16. Rac1 Qxc2 17. Rxc2 Nd3 18. h3 Nh6 19. Bd4 Nb4 20. Rd2 c5 21.
Be3 Bxc4 22. a3 Nc6 23. Rc1 Be6 24. Nf4 Rfd8 25. Rcd1 b5 26. Nxe6 fxe6 27. Bf1 Rdb8 28. Rd7 c4 29. Rc7 Ra6 30. a4 Bd8 31. axb5 Bxc7 32.
bxa6 c3 33. Rc1 Rb3 34. Bc4 Rb4 35. Bxe6+ Kf8 36. Rxc3 Rb1+ 37. Kg2 Bxe5 38. Rxc6 1-0

[Event "Late-Titled-Tuesday-Blitz-February-06-2024"]
[Site "Chess.com"]
[Date "2024.02.06"]
[Round "2"]
[White "DeArron_Fox"]
[Black "matagordo"]
[Result "1-0"]
[WhiteElo "2506"]
[BlackElo "2225"]
[TimeControl "180+1"]
[EndTime "14:18:04 PST"]
[Termination "DeArron_Fox won by resignation"]

1. d4 Nf6 2. c4 d6 3. Nc3 e5 4. Nf3 e4 5. Nd2 Qe7 6. Nb3 g6 7. Bg5 Bf5 8. Nd5 Nxd5 9. Bxe7 Nxe7 10. e3 Bg7 11. Nd2 O-O 12. g4 Bd7 13. Nxe4 Re8 14.
Bg2 h6 15. h4 Nc8 16. h5 g5 17.
Ng3 Nc6 18. O-O Rb8 19. Nf5 Bf8 20. f4 Bxf5 21. gxf5 Rxe3 22. fxg5 hxg5 23. Qd2 Rg3 24. Kh2 Rg4 25. Bh3 Rxd4 26. Qxg5+ Kh8 27. Rg1 N8e7 28.
Qf6+ Kh7 29. Qxf7+ Kh8 30. f6 Ne5 31. Qe6 Bh6 32.
fxe7 Nf3+ 33. Kh1 Ng5 34. e8=Q+ Rxe8 35. Qxe8+ Kh7 36. Qg6+ Kh8 37. Qxh6+ Kg8 38. Rxg5+ Kf7 39. Rg7+ 1-0

[Event "Late-Titled-Tuesday-Blitz-February-06-2024"]
[Site "Chess.com"]
[Date "2024.02.06"]
[Round "2"]
[White "Incognito_Knight"]
[Black "picturesquecheck"]
[Result "1-0"]
[WhiteElo "2718"]
[BlackElo "2395"]
[TimeControl "180+1"]
[EndTime "14:18:05 PST"]
[Termination "Incognito_Knight won by resignation"]

1. b3 Nf6 2. Bb2 g6 3. Nf3 Bg7 4. g3 O-O 5. Bg2 d6 6. d4 e5 7. dxe5 Ng4 8. Nc3 Nxe5 9. Qd2 Nbc6 10. O-O-O Nxf3 11. Bxf3 Re8 12. Kb1 Bd7 13. h4 h5 14.
Rdg1 Nd4 15. Bxb7 Rb8 16. Bg2 Bg4 17. Re1 Bf5 18. e4 Bg4 19. Qd3 c5 20. Nd5 Be6 21. Bh3 Bxd5 22. exd5 Qa5 23. Re3 Rxe3 24. fxe3 Nb5 25.
Rf1 c4 26. Qxc4 Na3+ 27. Bxa3 Qxa3 28. c3 Qa5 29. Rc1 Re8 30. e4 f5 31. exf5 gxf5 32.
Bxf5 Qb6 33. Be6+ Kh8 34. Qe2 1-0

[Event "Late-Titled-Tuesday-Blitz-February-06-2024"]
[Site "Chess.com"]
[Date "2024.02.06"]
[Round "2"]
[White "Kosak12"]
[Black "Romadk"]
[Result "1-0"]
[WhiteElo "2824"]
[BlackElo "2547"]
[TimeControl "180+1"]
[EndTime "14:18:06 PST"]
[Termination "Kosak12 won by resignation"]

1. e4 Nf6 2. e5 Nd5 3. d4 d6 4.
c4 Nb6 5. exd6 cxd6 6. Nc3 g6 7. Be3 Bg7 8. Rc1 O-O 9. b3 Nc6 10. Be2 e5 11. Nf3 Re8 12. O-O Bg4 13. dxe5 dxe5 14.
h3 Bf5 15. Nb5 Nc8 16. Qxd8 Rxd8 17. Rfd1 a6 18. Rxd8+ Nxd8 19. Nc7 Rb8 20. Rd1 Ne7 21. g4 Be4 22. Ng5 Bc6 23. Bf3 h6 24. Bxc6 Ndxc6 25. Ne4 Nd4 26. Kg2 Rc8 27. Nd5 Nxd5 28. cxd5 Rd8 29.
d6 f5 30. gxf5 gxf5 31. Bxd4 exd4 32. Ng3 Rxd6 33. Nxf5 Rd5 34. Ne7+ Kf7 35. Nxd5 Ke6 36. Nf4+ Ke5 37. Nd3+ Ke4 38. Kf1 Bf6 39. Ke2 Bg5 40.
Rg1 Bf6 41. Rg4+ Kd5 42. Kf3 b5 43. Rf4 a5 44. Rxf6 a4 45. Rxh6 1-0

[Event "Late-Titled-Tuesday-Blitz-February-06-2024"]
[Site "Chess.com"]
[Date "2024.02.06"]
[Round "2"]
[White "goldihouse"]
[Black "fks_stal_mielec"]
[Result "1-0"]
[WhiteElo "2619"]
[BlackElo "2349"]
[TimeControl "180+1"]
[EndTime "14:18:06 PST"]
[Termination "goldihouse won on time"]

1. c4 c5 2. g3 g6 3. Bg2 Bg7 4.
Nc3 Nc6 5. a3 d6 6. Rb1 a5 7. d3 e5 8. Nf3 Nge7 9. O-O Be6 10. Ng5 O-O 11. Nxe6 fxe6 12. Bd2 Nf5 13. Na4 Nfd4 14. e3 Nf5 15. b4 axb4 16. axb4 cxb4 17. Bxb4 Re8 18. Bd2 d5 19. c5 Qe7 20. Qc2 d4 21. e4 Nh6 22. Rb2 Reb8 23. Rfb1 Nf7 24. h4 Kh8 25.
Bh3 Nfd8 26. Qc4 Na5 27. Qc2 Nac6 28. Rb5 Kg8 29. Qc4 Bf6 30. Nb6 Ra7 31. Nd5 exd5 32. exd5 Na5 33. Bxa5 b6 34. Bxb6 Ra3 35. Bxd8 Rxb5 36.
d6+ 1-0

[Event "Late-Titled-Tuesday-Blitz-February-06-2024"]
[Site "Chess.com"]
[Date "2024.02.06"]
[Round "2"]
[White "cukricek"]
[Black "ChessSwole"]
[Result "1-0"]
[WhiteElo "2390"]
[BlackElo "2670"]
[TimeControl "180+1"]
[EndTime "14:18:08 PST"]
[Termination "cukricek won by checkmate"]

1. g3 e5 2. c4 c6 3. d4 e4 4. d5 Bb4+ 5. Bd2 Qe7 6. Bg2 Nf6 7. Nc3 d6 8. e3 O-O 9. Nge2 Nbd7 10. O-O a5 11. a3 Bc5 12. Nd4 Bxd4 13. exd4 cxd5 14.
cxd5 Nb6 15. Bg5 Bf5 16. Re1 h6 17. Bxf6 Qxf6 18. Bxe4 Bxe4 19. Nxe4 Qf5 20. Nxd6 Qxd5 21. Ne4 Rad8 22. Rc1 Rfe8 23. Qg4 Qxd4 24. Rc7 Kh8 25. Rxf7 Nc4 26. Kg2 Nd2 27. f3 Qxb2 28. Re2 Rg8 29. Qg6 Qc1 30. Rf2 Nc4 31. Nf6 Ne3+ 32. Kh3 Qc2 33.
Rxc2 gxf6 34. Qh7# 1-0

[Event "Late-Titled-Tuesday-Blitz-February-06-2024"]
[Site "Chess.com"]
[Date "2024.02.06"]
[Round "2"]
[White "kekic76"]
[Black "Karttunen"]
[Result "0-1"]
[WhiteElo "2378"]
[BlackElo "2641"]
[TimeControl "180+1"]
[EndTime "14:18:09 PST"]
[Termination "Karttunen won by resignation"]

1. e4 e5 2. Nf3 Nc6 3. Bb5 a6 4. Ba4 Nf6 5. O-O b5 6. Bb3 Bc5 7. d3 O-O 8. Nc3 h6 9. h3 d6 10. a3 Rb8 11. Be3 Nd4 12. Bxd4 Bxd4 13. Nxd4 exd4 14. Nd5 Nxd5 15. Bxd5 Be6 16. Qf3 Qd7 17.
Rfe1 c6 18. Ba2 Bxa2 19. Rxa2 Qe6 20. Raa1 c5 21. Qg4 Rbc8 22. f4 c4 23. Re2 cxd3 24.
cxd3 Rc5 25. f5 Qe5 26. Rf1 Rfc8 27. Rff2 Kh7 28. g3 R8c7 29. Kg2 Rc1 30. h4 Qf6 31.
Qf4 Rb1 32. Rc2 Rxc2 33. Rxc2 Rd1 34. Qf3 Rb1 35. Qf2 Qe5 36. Rc6 d5 37. Qc2 Re1 38.
Rc5 Re3 39. Qf2 Rxd3 40. exd5 Qe4+ 41. Kh2 Re3 42. Qf4 Re2+ 43. Kh3 Qg2+ 44. Kg4 Re4 45. d6 Rxf4+ 46. Kxf4 Qf2+ 47. Ke4 Qe3+ 48. Kd5 d3 49. Kc6 d2 50. Rd5 Qe4 0-1

[Event "Late-Titled-Tuesday-Blitz-February-06-2024"]
[Site "Chess.com"]
[Date "2024.02.06"]
[Round "2"]
[White "GAusal"]
[Black "Payyappat"]
[Result "1-0"]
[WhiteElo "2304"]
[BlackElo "2506"]
[TimeControl "180+1"]
[EndTime "14:18:09 PST"]
[Termination "GAusal won by resignation"]

1. e4 c6 2. d4 d5 3. e5 Bf5 4. Bd3 Bxd3 5. Qxd3 e6 6. Ne2 c5 7.
c3 Nc6 8. Be3 Qb6 9. Qc2 cxd4 10.
cxd4 Rc8 11. Nbc3 Nb4 12. Qd1 Nc6 13. O-O Nge7 14. Na4 Qa5 15. Nc5 Nf5 16. Nxb7 Qb6 17. Nd6+ Bxd6 18. exd6 Nxd6 19. b3 O-O 20. Rc1 Nf5 21.
Qd2 Rfd8 22. Rc5 e5 23. Rfc1 e4 24. b4 Nce7 25. a3 Qa6 26. Qb2 Nd6 27. b5 Qb6 28. a4 Nc4 29. Qb4 Nc6 30. Qc3 Nb8 31. Nf4 Rxc5 32. dxc5 Qf6 33. Qxf6 gxf6 34. Rd1 Nb2 35.
Rd2 Nxa4 36. Rxd5 Rxd5 37. Nxd5 Nxc5 38. Bxc5 a5 39. Nxf6+ Kg7 40. Nxe4 a4 41. Nc3 Nd7 1-0

[Event "Late-Titled-Tuesday-Blitz-February-06-2024"]
[Site "Chess.com"]
[Date "2024.02.06"]
[Round "2"]
[White "LikeWater"]
[Black "sina101"]
[Result "1-0"]
[WhiteElo "2792"]
[BlackElo "2533"]
[TimeControl "180+1"]
[EndTime "14:18:10 PST"]
[Termination "LikeWater won by resignation"]

1. e4 c6 2. d4 d5 3. Nc3 dxe4 4. Bc4 Nf6 5. f3 exf3 6. Nxf3 e6 7. O-O Nbd7 8. Ng5 Bd6 9. Nce4 Nxe4 10. Nxe4 Bxh2+ 11. Kxh2 Qh4+ 12. Kg1 Qxe4 13. Rf4 Qg6 14. Bd3 Qg3 15.
Rg4 Qd6 16. c3 Kf8 17. Bf4 Qe7 18. Bg5 Qd6 19. Qf3 f6 20. Rf1 b6 21. Bf4 e5 22.
Bh2 Bb7 23. Kh1 Re8 24. Bc4 Ba8 25. Qg3 Qe7 26. Qh3 c5 27. Rh4 g5 28. Rg4 cxd4 29.
Rxg5 Nc5 30. Qh6+ 1-0

[Event "Late-Titled-Tuesday-Blitz-February-06-2024"]
[Site "Chess.com"]
[Date "2024.02.06"]
[Round "2"]
[White "pr1105"]
[Black "katharinareinecke"]
[Result "1-0"]
[WhiteElo "2419"]
[BlackElo "1965"]
[TimeControl "180+1"]
[EndTime "14:18:10 PST"]
[Termination "pr1105 won by checkmate"]

1. e4 c6 2. d4 d5 3. e5 Bf5 4. Nd2 h5 5. Nb3 e6 6. Nf3 Ne7 7. Be2 h4 8. h3 Ng6 9. O-O Be7 10. a4 O-O 11. a5 Nd7 12. c4 dxc4 13. Bxc4 b6 14. Re1 Qc7 15. Qe2 b5 16. Bd3 Bxd3 17.
Qxd3 a6 18. Qe4 Rfd8 19. Bd2 Rac8 20. Rac1 Qb7 21. Rc2 Rc7 22. Rec1 Rdc8 23. Nc5 Nxc5 24. dxc5 Rd7 25. b4 Rd5 26. Bc3 Rcd8 27. Re2 Qd7 28. Rce1 Rd1 29. Kh2 Rxe1 30. Rxe1 Qd5 31. Qg4 Qb3 32. Bd2 Qd5 33. Bg5 Bxg5 34. Qxg5 Qc4 35. Qxd8+ Kh7 36. Qd4 Qb3 37. Nxh4 Qc2 38. Nxg6 fxg6 39.
Re4 Qc1 40. Rh4+ Kg8 41. Qd8+ Kf7 42. Qd7+ Kf8 43. Rh8# 1-0

[Event "Late-Titled-Tuesday-Blitz-February-06-2024"]
[Site "Chess.com"]
[Date "2024.02.06"]
[Round "2"]
[White "SamCopeland"]
[Black "Hrant_ChessMood"]
[Result "0-1"]
[WhiteElo "2404"]
[BlackElo "2931"]
[TimeControl "180+1"]
[EndTime "14:18:12 PST"]
[Termination "Hrant_ChessMood won on time"]

1. e4 c6 2. Nc3 d5 3. Nf3 Bg4 4. h3 Bxf3 5. Qxf3 e6 6. d4 Nf6 7. e5 Nfd7 8. Ne2 c5 9. c3 Nc6 10. a3 Qb6 11. Qd3 Rc8 12. g3 cxd4 13. cxd4 Na5 14.
b4 Nc4 15. Bg2 a5 16. O-O axb4 17. axb4 Bxb4 18. h4 O-O 19. h5 Be7 20. h6 g6 21.
Nf4 Rc6 22. Rb1 Qa6 23. Re1 Rfc8 24. Nxd5 exd5 25. Bxd5 Qa5 26. Qe4 Rb6 27. e6 Rxb1 28. exf7+ Kh8 29. Qxe7 Qxd5 30. Qe8+ Nf8 31. Qxc8 Qxf7 32.
Re8 Rxc1+ 33. Kg2 Ne3+ 34. Rxe3 Rxc8 0-1

[Event "Late-Titled-Tuesday-Blitz-February-06-2024"]
[Site "Chess.com"]
[Date "2024.02.06"]
[Round "2"]
[White "Paladin61"]
[Black "GMWSO"]
[Result "0-1"]
[WhiteElo "2657"]
[BlackElo "3081"]
[TimeControl "180+1"]
[EndTime "14:18:13 PST"]
[Termination "GMWSO won on time"]

1. e4 c5 2. Nf3 d6 3. d4 cxd4 4.
Qxd4 Nf6 5. Nc3 Nc6 6. Qd3 g6 7. Be2 Bg7 8. O-O O-O 9. Nd5 Nd7 10. c3 Nc5 11. Qc2 e6 12. Nb4 Bd7 13. Rd1 Nxb4 14.
cxb4 Ba4 15. b3 Bxa1 16. bxc5 Bc6 17. cxd6 Rc8 18. Qd3 Bg7 19. Bg5 Qd7 20. h4 f5 21.
e5 Bxf3 22. Bxf3 Bxe5 23. h5 Bf6 24. Be3 g5 25. g4 Rc3 26. Qe2 Kg7 27. Bxa7 Kh6 28.
Be3 Rfc8 29. Kh1 Rc2 30. Qd3 R8c3 31. Qf1 Rxa2 32. Bg2 f4 33. Bb6 f3 34. Bh3 Rxb3 35.
Bc7 Rc3 36. Qe1 Re2 37. Qf1 Rxc7 38. dxc7 Qxc7 39. Kg1 Qf4 40. Re1 Be5 0-1